Map: Rifts to Korhal

Players

NamroodTuo

  • Race: Zerg Zerg

ShurikN

  • Race: Terran Terran
  • Spawn Location: 7:00

VOD

Have the link to the VOD?

Description

Time

  • Played on: June 17, 2023, 1:35 p.m.
  • Length: 17:12
Show
View Real Time Build Order
Export as new Build Order

NamroodTuo Zerg 

Build Orders:  

Get SALT Encoding   

  12  0:03  Infested SCV  
  13  0:12  Infested SCV  
  14  0:22  Infested SCV  
  15  0:38  Infested Barracks  
  15  0:48  Overlord  
  15  1:10  Infested Refinery  
  15  1:24  Overlord  
  15  1:31  Infested SCV  
  15  1:37  Infested SCV  
  17  1:41  Infestation Level 1  
  17  1:49  Infested SCV  
  18  1:51  Infested SCV  
  19  2:05  Infested SCV  
  20  2:17  Infested SCV  
  21  2:25  Infested SCV  
  22  2:53  Infested SCV  
  22  2:54  Infested Command Center  
  22  2:59  Infested SCV  
  24  3:13  Overlord  
  24  3:22  Infested Barracks Tech Lab  
  24  3:29  Infested SCV  
  25  3:41  Anaerobic Enhancement  
  25  3:46  Infested SCV  
  26  3:53  Infested Refinery  
  26  4:04  Infested Engineering Bay  
  26  4:15  Retinal Augmentation  
  26  4:16  Infested SCV  
  26  4:17  Overlord  
  27  4:39  Infested SCV  
  28  4:44  Unknown  
  28  4:56  Infested Command Center  
  28  5:01  Infested Bunker  
  28  5:02  Infested SCV  
  28  5:04  Infested SCV  
  28  5:05  Infested SCV  
  35  5:10  Infested SCV  
  35  5:13  Infested SCV  
  37  5:50  Stukov Infantry Weapons Level 1  
  37  5:57  Overlord  
  37  5:58  Overlord x2  
  37  6:07  Infested SCV  
  37  6:08  Infested SCV x2  
  40  6:13  Infested SCV  
  41  6:26  Infested SCV  
  42  6:42  Plagued Munitions  
  42  6:47  Infested SCV  
  43  6:53  Infested SCV  
  48  7:02  Infested Bunker  
  48  7:49  Infested SCV x4  
  52  7:51  Infested Missile Turret  
  52  7:54  Infested SCV x4  
  52  7:55  Infested SCV  
  57  8:08  Infestation Level 2  
  57  8:30  Stukov Infantry Armor Level 1  
  57  8:36  Infested Bunker  
  65  8:43  Infested Bunker  
  65  8:48  Overlord x3  
  65  9:02  Infested Bunker  
  69  9:28  Infested Bunker  
  73  9:44  Infested Bunker  
  77  10:08  Broodling Gestation  
  81  10:10  Infested Bunker  
  81  10:17  Infested Refinery  
  81  10:20  Infested SCV  
  81  10:21  Infested SCV x2  
  81  10:22  Overlord x2, Infested Refinery  
  84  11:05  Infested Bunker  
  88  11:10  Regenerative Plating  
  88  11:13  Infested Bunker  
  92  11:58  Infested Bunker  
  96  12:04  Infested Bunker  
  100  12:14  Infested Marine  
  100  12:15  Infested Marine x10  
  111  12:29  Infested Bunker  
  119  12:49  Infested Factory  
  120  13:18  Infested Bunker x2  
  120  13:19  Infested Bunker  
  123  13:52  Infested Armory  
  123  14:15  Infested Marine  
  123  14:16  Infested Marine x9  
  126  14:21  Overlord x5  
  126  14:22  Overlord x5  
  126  14:39  Infested Barracks  
  126  14:40  Infested Barracks  
  126  14:50  Overlord x2  
  126  14:59  Aggressive Incubation  
  122  15:56  Infested Marine x5  
  122  15:57  Infested Marine x17  
  122  15:58  Infested Marine x6  
Show
View Real Time Build Order
Export as new Build Order

ShurikN Terran 

Build Orders:  

Get SALT Encoding   

  12  0:04  SCV  
  13  0:21  SCV  
  14  0:31  Supply Depot  
  14  0:38  SCV  
  15  0:55  SCV  
  15  0:58  Barracks  
  16  1:12  SCV  
  16  1:16  Refinery  
  17  1:29  SCV  
  18  1:37  Marine  
  19  1:46  SCV  
  19  1:47  Marine  
  20  1:57  Marine  
  21  2:03  SCV  
  23  2:11  Marine, Supply Depot  
  24  2:20  SCV  
  24  2:21  Marine  
  26  2:32  Marine  
  26  2:37  SCV  
  28  2:42  Marine  
  29  2:52  Marine  
  30  3:06  SCV  
  31  3:21  Supply Depot  
  31  3:22  Supply Depot  
  31  3:24  SCV  
  32  3:52  Command Center  
  32  3:57  Orbital Command  
  32  3:59  Refinery  
  32  4:04  Refinery  
  32  4:05  Barracks Tech Lab  
  32  4:35  Medic  
  34  4:43  SCV, Refinery  
  34  4:45  Medic  
  37  4:57  Unknown  
  31  5:00  SCV  
  38  5:15  Medic  
  38  5:16  SCV  
  41  5:25  Medic  
  43  5:33  SCV  
  44  5:50  SCV  
  44  5:51  SCV  
  46  6:07  SCV  
  46  6:08  SCV  
  48  6:24  SCV  
  48  6:25  SCV  
  50  6:41  SCV  
  50  6:42  SCV  
  50  6:47  Stabilizer Medpacks, Unknown  
  52  6:56  Barracks  
  52  6:58  Barracks, SCV  
  52  6:59  Barracks, SCV  
  54  7:00  Barracks  
  54  7:05  Supply Depot  
  54  7:15  SCV  
  55  7:27  Orbital Command  
  55  7:36  Engineering Bay  
  55  7:37  Barracks Reactor  
  55  7:38  Engineering Bay, Barracks Tech Lab  
  55  7:39  Barracks Reactor, Supply Depot  
  55  7:40  Barracks Reactor, Supply Depot  
  55  7:47  Concussive Shells  
  55  7:58  SCV  
  56  8:06  SCV  
  56  8:09  Medic  
  57  8:10  Medic  
  57  8:15  SCV  
  57  8:19  Marine  
  62  8:20  Marine  
  62  8:23  SCV  
  62  8:29  Marine  
  65  8:30  Marine  
  65  8:32  SCV  
  65  8:34  Marine x6  
  65  8:39  Marine  
  74  8:40  Marine  
  74  8:44  Marine x2  
  74  8:49  Marine  
  78  8:50  Marine  
  80  9:08  Terran Infantry Weapons Level 1, Terran Infantry Armor Level 1  
  80  9:36  SCV x2  
  82  9:42  Marine  
  82  9:43  Marine x3  
  86  10:01  Marine x6, Supply Depot  
  86  10:03  Supply Depot  
  86  10:04  Marine x2, SCV x2  
  86  10:05  Supply Depot  
  96  10:12  Marine x6  
  96  10:14  Marine x2  
  104  10:21  Factory  
  104  10:22  Marine  
  104  10:24  Medic x2  
  109  10:58  Marauder  
  109  11:08  Supply Depot x2  
  109  11:09  Marauder, Supply Depot  
  110  11:10  Medic  
  110  11:11  Supply Depot x2  
  114  11:21  Medic  
  113  11:48  Unknown  
  113  11:59  Marine x5  
  73  12:00  Marine x3  
  113  12:09  Marine x2  
  74  12:10  Marine x4, Marauder x2  
  121  12:19  Marine  
  131  12:20  Marine  
  131  12:23  Marauder x2  
  137  12:35  Medic x2  
  141  12:40  Armory  
  141  12:45  Medic x2  
  145  12:54  Supply Depot  
  145  12:55  Supply Depot  
  145  12:57  Supply Depot x2  
  79  13:00  Marine x8  
  145  13:01  Supply Depot  
  145  13:03  Supply Depot  
  153  13:10  Marine  
  154  13:49  Marine  
  154  13:50  Marine x7  
  162  14:00  Marine x8  
  170  14:10  Marine x2  
  170  14:11  Marine x3  
  147  14:50  Marine  
  147  14:51  Marine x7  
  155  15:00  Marine  
  155  15:01  Marine x7  
  163  15:11  Marine x3  
  166  15:28  Marauder x2  
  170  15:40  Marauder  
  170  15:41  Marauder  
  174  15:52  Marine  
  174  15:53  Marine x5, Marauder  
  174  15:54  Marauder  
  184  16:02  Marine  
  184  16:03  Marine x5  
  184  16:06  Marauder  
  184  16:26  Marine x8  
  191  16:36  Marine x2  
  191  16:37  Marine x4  
Tags
 
Commander
RaynorStukov
Matchup
Co-op
Replay Pack
Multiplayer
Add a new tag
Caveats
  • Supply blocks, unpowered buildings, or Contaminate may cause inaccurate times.
  • Supply counts are checked every 10 seconds.